 Dungeon Sprint DCSS version 0.29.1-2-gbd0b4ee654 (webtiles) character file.

Game seed: 9036865841438370519

6934 boopmooplesden the Impaler (level 10, -1/111 HPs)
             Began as a Minotaur Berserker on Nov 25, 2022.
             Was a High Priest of Trog.
             Slain by a shadow wraith (10 damage)
             ... in the Dungeon (Sprint VII: "The Pits").
             The game lasted 00:03:26 (1207 turns).

boopmooplesden the Impaler (Minotaur Berserker)     Turns: 1207, Time: 00:03:26

Health: -1/111     AC: 19    Str: 24    XL:     10   Next: 80%
Magic:  9/9        EV: 10    Int:  4    God:    Trog [*****.]
Gold:   0          SH:  0    Dex: 12    Spells: 9/9 levels left

rFire   . . .      SeeInvis .   o - +3 glaive (vorpal)
rCold   . . .      Faith    .   (shield currently unavailable)
rNeg    . . .      Spirit   .   s - +3 plate armour
rPois   .          Reflect  .   (helmet restricted)
rElec   .          Harm     .   (no cloak)
rCorr   .          Rampage  .   (no gloves)
Will    .....      NoTele   +   (no boots)
Stlth   ..........              (no amulet)
HPRegen 0.28/turn               (no ring)
MPRegen 0.11/turn               (no ring)

@: on berserk cooldown, slowed, very slow
A: horns 2, retaliatory headbutt
a: Renounce Religion, Berserk, Trog's Hand, Brothers in Arms


You were in the Dungeon.
You worshipped Trog.
Trog was extremely pleased with you.
You visited 1 branch

Inventory:

Hand Weapons
 a - a +0 spear
 i - a +2 trident
 l - a +2 vorpal trident
 o - a +3 vorpal glaive (weapon)
 r - a +2 halberd of protection
Armour
 b - a +0 animal skin
 m - a +3 scale mail
 n - a +2 ring mail of poison resistance
 s - a +3 plate armour (worn)
Jewellery
 p - a +3 ring of protection
 q - a +3 ring of protection
Scrolls
 h - a scroll of blinking
 k - a scroll of summoning
Potions
 c - 7 potions of curing
 d - 10 potions of heal wounds
 e - 4 potions of haste
 f - 4 potions of magic
 g - 3 potions of berserk rage
 j - 2 potions of invisibility


   Skills:
 + Level 17.3 Fighting
 + Level 20.2 Polearms
 + Level 14.1 Armour
 + Level 7.4 Dodging
 + Level 2.3 Stealth


You had 9 spell levels left.
You didn't know any spells.
Your spell library was empty.

Dungeon Overview and Level Annotations

Branches:
Dungeon (1/1)

Altars:


Innate Abilities, Weirdness & Mutations

You have a pair of horns on your head.
You reflexively headbutt those who attack you in melee.


Message History

You kill the redback!
Trog accepts your kill.
A wolf comes into view.
You are no longer berserk.
You are exhausted.
You feel yourself slow down.
The wolf howls!
The scorpion stings you but does no damage.
A freezing wraith comes into view.
The orc closely misses you. Something hits you!
* * * LOW HITPOINT WARNING * * *
Something drains your vigour!
You feel as though you will be slow longer.
Deactivating autopickup; reactivate with Ctrl-A.
You barely miss the scorpion. You headbutt the scorpion!
The scorpion is moderately wounded.
The scorpion closely misses you. You furiously retaliate!
You headbutt the scorpion. The orc hits you with a +0 dagger.
* * * LOW HITPOINT WARNING * * *
Something hits you but does no damage.
You slice the scorpion!!
You kill the scorpion!
Trog accepts your kill. The wolf closely misses you. You furiously retaliate!
You headbutt the wolf. The orc hits you but does no damage.
A rakshasa comes into view. It is wielding a +0 long sword.
Something hits you but does no damage. The wolf closely misses you.
You furiously retaliate!
You headbutt the wolf!
A wolf comes into view.
Something hits you!
* * * LOW HITPOINT WARNING * * *
Something drains your vigour!
You feel as though you will be slow longer.
The orc hits you but does no damage. Something hits you.
* * * LOW HITPOINT WARNING * * *
Something drains your vigour!
You feel as though you will be slow longer.
You see here a harpy corpse.
Something hits you!
You die...

####''###### ..##''#####
##### ..##......# ....
..##......# ...
..###....## #### ..## ..#
##''## ###..+ ..'
..###....###....##'##
..##......#)...##oh.##h.
####..÷...†)).)'@.hW.'G..
####.÷....#).).##...##...
.[###....###..).##+## .
[[# ##')## ###..'... ))#
#....# ####...#
))##......# .....
).##......# ....
########### ###


You could see an eye of devastation, a freezing wraith, 3 wolves and an orc.

Vanquished Creatures
  A flayed ghost (D)
  4 harpies (D)
  An orc knight (D)
  A manticore (D)
  A smoke demon (D)
  A demonic crawler (D)
  A tyrant leech (D)
  A snapping turtle (D)
  4 blink frogs (D)
  A steam dragon (D)
  3 redbacks (D)
  A floating eye (D)
  2 orc warriors (D)
  3 phantoms (D)
  A necrophage (D)
  2 scorpions (D)
  3 wights (D)
  A hound (D)
  2 orc priests (D)
  An iron imp (D)
  An orc wizard (D)
  A gnoll (D)
  3 orcs (D)
  An endoplasm (D)
  A giant cockroach (D)
  2 hobgoblins (D)
  2 kobolds (D)
  3 ball pythons (D)
  A ball python skeleton (D)
  A ball python zombie (D)
  A bat (D)
  A goblin (D)
  A rat (D)
54 creatures vanquished.

Vanquished Creatures (collateral kills)
  A phantasmal warrior (D)
  Duvessa (D)
  An orc warrior (D)
  Dowan (D)
  A mummy (D)
5 creatures vanquished.

Grand Total: 59 creatures vanquished

Notes
Turn   | Place    | Note
-------+----------+-------------------------------------------
     0 | D        | boopmooplesden the Minotaur Berserker began the quest for
                  | the Orb.
     0 | D        | Reached XP level 1. HP: 19/19 MP: 0/0
     9 | D        | Noticed a floating eye
    11 | D        | Killed a floating eye
    12 | D        | Reached skill level 7 in Polearms
    12 | D        | Reached XP level 2. HP: 34/34 MP: 1/1
    12 | D        | Reached XP level 3. HP: 39/39 MP: 2/2
    12 | D        | Reached XP level 4. HP: 47/47 MP: 3/3
    59 | D        | Reached ** piety under Trog
    88 | D        | Reached *** piety under Trog
   157 | D        | Noticed a phantom
   165 | D        | Reached skill level 8 in Polearms
   165 | D        | Reached **** piety under Trog
   166 | D        | Reached skill level 9 in Polearms
   166 | D        | Reached XP level 5. HP: 56/56 MP: 4/4
   170 | D        | Killed a phantom
   171 | D        | Reached skill level 10 in Polearms
   171 | D        | Reached skill level 5 in Armour
   179 | D        | Reached skill level 5 in Dodging
   179 | D        | Reached XP level 6. HP: 62/66 MP: 5/5
   182 | D        | Reached ***** piety under Trog
   183 | D        | Reached skill level 10 in Fighting
   185 | D        | Noticed Duvessa
   186 | D        | Noticed Dowan
   189 | D        | Reached skill level 11 in Polearms
   191 | D        | Killed Duvessa
   200 | D        | Killed Dowan
   201 | D        | Reached skill level 12 in Polearms
   201 | D        | Reached XP level 7. HP: 19/74 MP: 6/6
   459 | D        | Received a gift from Trog
   475 | D        | Reached skill level 13 in Polearms
   479 | D        | Noticed a tyrant leech
   479 | D        | Noticed a steam dragon
   486 | D        | Killed a steam dragon
   494 | D        | Killed a tyrant leech
   495 | D        | Reached skill level 14 in Polearms
   495 | D        | Reached XP level 8. HP: 86/86 MP: 7/7
   615 | D        | Noticed a manticore
   615 | D        | Noticed a snapping turtle
   623 | D        | Killed a manticore
   624 | D        | Reached skill level 15 in Polearms
   627 | D        | Killed a snapping turtle
   796 | D        | Noticed a blink frog
   796 | D        | Noticed a blink frog
   796 | D        | Noticed a blink frog
   796 | D        | Noticed a blink frog
   796 | D        | Noticed a blink frog
   802 | D        | Reached skill level 16 in Polearms
   805 | D        | Received a gift from Trog
   806 | D        | Reached XP level 9. HP: 70/95 MP: 8/8
   814 | D        | Reached skill level 17 in Polearms
   821 | D        | Reached skill level 15 in Fighting
   821 | D        | Reached skill level 10 in Armour
  1102 | D        | Noticed a flayed ghost
  1102 | D        | Noticed a demonic crawler
  1109 | D        | Killed a flayed ghost
  1110 | D        | Reached skill level 18 in Polearms
  1113 | D        | Killed a demonic crawler
  1117 | D        | Noticed an orc knight
  1118 | D        | Reached ****** piety under Trog
  1122 | D        | Received a gift from Trog
  1123 | D        | Noticed a phantasmal warrior
  1130 | D        | Killed an orc knight
  1131 | D        | Reached XP level 10. HP: 54/107 MP: 9/9
  1131 | D        | Killed a phantasmal warrior
  1132 | D        | Reached skill level 1 in Stealth
  1133 | D        | Reached skill level 19 in Polearms
  1174 | D        | Noticed a harpy
  1181 | D        | Killed a harpy
  1181 | D        | Received a gift from Trog
  1182 | D        | Noticed a smoke demon
  1186 | D        | Noticed a harpy
  1189 | D        | Killed a smoke demon
  1191 | D        | Noticed a harpy
  1192 | D        | Noticed a harpy
  1194 | D        | Killed a harpy
  1198 | D        | Killed a harpy
  1199 | D        | Reached skill level 20 in Polearms
  1199 | D        | Killed a harpy
  1200 | D        | Noticed an eye of devastation
  1205 | D        | Noticed a rakshasa
  1207 | D        | Slain by a shadow wraith

Illustrated notes

Levels and vault maps discovered:
D:        pitsprint [storerooms_1, entrance_room_1, metal_vault_2, armoury_3,
          mini_pit_1, grid_room_1, main_hall_1, silver_pit, the_coven_2,
          the_vestibule_1, steel_vault_4, golden_pit, hallway_of_sentries,
          crystal_vault_4, iron_vault_4, final_vault]

Skill      XL: |  1  2  3  4  5  6  7  8  9 10 |
---------------+-------------------------------+-----
Fighting       | 7 8 9 11 13 14 15 17 | 17.3
Polearms       | 7 9 10 12 14 16 18 20 | 20.2
Armour         | 4 5 6 7 9 11 14 | 14.1
Dodging        | 3 4 5 6 7 |  7.4
Stealth        | 2 |  2.3

Action                   |  1- 3 |  4- 6 |  7- 9 | 10-12 || total
-------------------------+-------+-------+-------+-------++-------
Melee: Headbutt          |     1 |     6 |     8 |     6 ||    21
       Spear             |     1 |       |       |       ||     1
       Trident           |       |    33 |     2 |       ||    35
       Glaive            |       |       |    59 |    24 ||    83
Invok: Berserk           |       |     1 |     4 |     1 ||     6
       Brothers in Arms  |       |     1 |     1 |       ||     2
 Stab: Distracted        |       |       |     1 |       ||     1
Armor: Scale mail        |       |    10 |     3 |       ||    13
       Animal skin       |       |     1 |       |       ||     1
       Plate armour      |       |       |    26 |    16 ||    42
Dodge: Dodged            |       |    12 |    25 |    17 ||    54
